 Dungeon Crawl Stone Soup version 0.24-a0-585-g5c5dc1b5cb (webtiles) character file.

Game seed: 12028714170852913309, levelgen mode: deterministic

11292 Htamos the Infuser (level 11, -7/107 HPs)
             Began as a Troll Skald on Sept 7, 2019.
             Was a Priest of Nemelex Xobeh.
             Mangled by a 14-headed hydra (15 damage)
             ... on level 1 of the Lair of Beasts.
             The game lasted 00:59:02 (11793 turns).

Htamos the Infuser (Troll Skald)                   Turns: 11793, Time: 00:59:03

Health: -7/107     AC:  9    Str: 21    XL:     11   Next: 47%
Magic:  19/19      EV: 10    Int: 15    God:    Nemelex Xobeh [***...]
Gold:   398        SH:  6    Dex:  9    Spells: 8/22 levels left

rFire    . . .     SeeInvis .     - Unarmed
rCold    + . .     Gourm    +   (no shield)
rNeg     . . .     Faith    .   R - +1 robe {rC+}
rPois    .         Spirit   .   C - +2 hat
rElec    .         Reflect  +   (no cloak)
rCorr    .         Harm     .   (gloves unavailable)
MR       .....                  (boots unavailable)
Stlth    +.........             i - +6 amulet of reflection
HPRegen  0.67/turn              O - +3 ring of intelligence
MPRegen  0.16/turn              U - ring of wizardry

@: about to teleport
A: large, unfitting armour, claws 3, fast metabolism 3, gourmand, regeneration
1, shaggy fur 1, tough skin 3
a: Draw Escape, Draw Destruction, Draw Summoning, Triple Draw, Renounce Religion


You were on level 1 of the Lair of Beasts.
You worshipped Nemelex Xobeh.
Nemelex Xobeh was most pleased with you.
You were hungry.

You visited 2 branches of the dungeon, and saw 13 of its levels.

You collected 816 gold pieces.
You spent 418 gold pieces at shops.

Inventory:

Missiles
 e - 14 javelins {=f +f !Q}
 Q - 3 boomerangs (quivered)
Armour
 a - a +1 robe
 q - a +0 robe
 C - a +2 hat (worn)
 R - a +1 robe of cold resistance (worn)
 V - a +2 robe of magic resistance
Magical Staves
 d - an uncursed staff of air
 I - an uncursed staff of earth
Jewellery
 i - a +6 amulet of reflection (around neck)
 n - an uncursed amulet of the gourmand
 p - an uncursed ring of see invisible
 u - a cursed amulet of rage
 B - an uncursed ring of protection from cold
 K - the ring of Polytheism {+Fly MR+ Int-2 Stlth+}
   (You bought it in a shop on level 8 of the Dungeon)

   [ring of stealth]

   It affects your intelligence (-2).
   It affects your resistance to hostile enchantments.
   It lets you fly.
   It makes you more stealthy.
 O - a +3 ring of intelligence (left claw)
 P - an uncursed ring of protection from fire
 U - a ring of wizardry (right claw)
Wands
 r - a wand of digging (6)
 F - a wand of iceblast (19)
 J - a wand of enslavement (3)
 L - a wand of flame (18)
 M - a wand of paralysis (11)
 S - a wand of random effects (13)
Scrolls
 b - 3 scrolls of immolation
 f - a scroll of fog {unknown}
 g - 4 scrolls of teleportation
 h - 6 scrolls of enchant armour
 l - 2 scrolls of magic mapping {unknown}
 t - 7 scrolls of remove curse
 x - 3 scrolls of blinking {unknown}
 y - a scroll of enchant weapon {unknown}
 z - 3 scrolls of amnesia {unknown}
 G - a scroll of acquirement {unknown}
 H - a scroll of summoning {unknown}
 T - 2 scrolls of identify {@rr}
Potions
 j - 2 potions of resistance
 k - 5 potions of brilliance
 m - 3 potions of invisibility {unknown}
 o - 3 potions of berserk rage {unknown}
 s - 3 potions of mutation {unknown}
 v - 4 potions of flight
 w - 2 potions of heal wounds
 A - 3 potions of lignification {unknown}
 D - 2 potions of curing {@qc}
 E - a potion of agility
 N - a potion of might
 W - a potion of degeneration {unknown}
Comestibles
 c - 27 rations


   Skills:
 + Level 6.5 Fighting
 - Level 1.9 Dodging
 + Level 7.0 Unarmed Combat
 - Level 6.2 Spellcasting
 + Level 1.6 Hexes
 + Level 8.5 Charms


You had 8 spell levels left.
You knew the following spells:

 Your Spells              Type           Power        Failure   Level  Hunger
a - Infusion              Chrm           ####         1%          1    None
b - Song of Slaying       Chrm           ####....     1%          2    #......
c - Shroud of Golubria    Chrm/Tloc      ###...       1%          2    #......
d - Regeneration          Chrm/Necr      ###.......   3%          3    ##.....
e - Corona                Hex            #......      3%          1    None
f - Ensorcelled Hibernat  Hex/Ice        #.....       6%          2    #......
g - Tukima's Dance        Hex            #.......     9%          3    ##.....

Your spell library contained the following spells:

 Spells                   Type           Power        Failure   Level  Hunger
 Spectral Weapon          Hex/Chrm       ###.....     2%          3    ##.....
 Beastly Appendage        Tmut           #.....       6%          1    None
 Sticks to Snakes         Tmut           #.......     9%          2    #......
 Confuse                  Hex            #.......     9%          3    ##.....
 Dazzling Spray           Conj/Hex       #.....       12%         3    ##.....
 Spider Form              Tmut/Pois      #.........   17%         3    ##.....
 Ice Form                 Ice/Tmut       #.......     47%         4    ####...
 Blade Hands              Tmut           #.........   82%         5    ######.


Dungeon Overview and Level Annotations

Branches:
Dungeon (12/15)            Temple (0/1) D:6            Lair (1/6) D:10
    Orc: D:9-12

Altars:
Cheibriados
Dithmenos
Elyvilon
Fedhas
Makhleb
Nemelex Xobeh
Okawaru
Sif Muna
Xom
Yredelemnul
Zin

Shops:
D:8 *

Annotations:
D:11 exclusion: 2 downstairs
D:12 Frances


Innate Abilities, Weirdness & Mutations

You are too large for most types of armour.
You have claws for hands.
Your metabolism is lightning-fast.
You like to eat raw meat.
Your natural rate of healing is unusually fast.
You are covered in fur. (AC +1)
You have extremely tough skin. (AC +3)


Message History

* * * LOW HITPOINT WARNING * * *
The 14-headed hydra bites you!
* * * LOW HITPOINT WARNING * * *
The 14-headed hydra bites you but does no damage.
The 14-headed hydra bites you.
* * * LOW HITPOINT WARNING * * *
The 14-headed hydra bites you but does no damage.
You block the 14-headed hydra's attack. The 14-headed hydra bites you.
* * * LOW HITPOINT WARNING * * *
The 14-headed hydra bites you but does no damage.
The 14-headed hydra completely misses you.
The 14-headed hydra bites you!
* * * LOW HITPOINT WARNING * * *
The 14-headed hydra bites you but does no damage.
The 14-headed hydra bites you!
* * * LOW HITPOINT WARNING * * *
The 14-headed hydra bites you but does no damage.
The 14-headed hydra bites you!
You die...
Your body glows with a rainbow of weird colours and disappears.

##...... ##P....
###.## ###...
#.#.#. ### #..^.
###+#######.###....
#..h.....##........
##@D.....##.###....
#......+...##.....
#......#######....
#......# #####
#.......# #####+###


You could see a 14-headed hydra and a black bear.

Vanquished Creatures
  Fannar (D:9)
  2 two-headed ogres
  A manticore (D:12)
  An elephant (D:10)
  2 spiny frogs (Lair:1)
  A freezing wraith (D:11)
  Grinder (D:6)
  A slime creature (D:10)
  3 hippogriffs
  A spriggan (D:7)
  A wyvern (D:8)
  A shadow (D:11)
  3 yaks
  A basilisk (D:10)
  2 hungry ghosts
  A water moccasin (D:6)
  A porcupine (Lair:1)
  6 orc warriors
  A sky beast (D:8)
  A black bear (D:11)
  An ice beast (D:11)
  6 phantoms
  7 ogres
  3 centaurs
  A crocodile (D:10)
  A big kobold (D:8)
  7 bullfrogs
  3 wights (D:10)
  4 howler monkeys
  2 centaur zombies
  6 crimson imps
  12 orc wizards
  3 hounds
  9 jellies
  2 bullfrog zombies (D:6)
  12 orc priests
  3 iguanas
  Terence (D:3)
  13 worker ants
  A worker ant zombie (D:11)
  4 gnolls
  9 adders
  4 shadow imps
  13 oozes
  An adder zombie (D:4)
  3 worms
  2 dart slugs
  A leopard gecko (D:1)
  46 orcs
  7 bats
  10 giant cockroaches
  10 goblins
  7 hobgoblins
  14 jackals
  15 kobolds
  6 quokkas
  4 ball pythons
  2 frilled lizards (D:1)
  A jackal skeleton (D:5)
  A leopard gecko skeleton (D:6)
  A quokka skeleton (D:9)
  A quokka zombie (D:6)
  4 rats
295 creatures vanquished.

Vanquished Creatures (collateral kills)
  An orc wizard (D:8)
  2 orcs (D:8)
3 creatures vanquished.

Vanquished Creatures (others)
  Maurice (D:10)
  A water moccasin (Lair:1)
  An orc wizard (D:8)
  3 fungi (D:10)
6 creatures vanquished.

Grand Total: 304 creatures vanquished

Notes
Turn   | Place    | Note
-------+----------+-------------------------------------------
     0 | D:1      | Htamos the Troll Skald began the quest for the Orb.
     0 | D:1      | Reached XP level 1. HP: 19/19 MP: 1/1
   127 | D:1      | Reached XP level 2. HP: 28/28 MP: 3/3
   818 | D:2      | Reached XP level 3. HP: 31/35 MP: 4/4
   834 | D:2      | Learned a level 2 spell: Song of Slaying
  1755 | D:3      | Noticed Terence
  1759 | D:3      | Killed Terence
  1759 | D:3      | Reached XP level 4. HP: 44/44 MP: 4/6
  1763 | D:3      | Learned a level 2 spell: Shroud of Golubria
  1994 | D:3      | Reached XP level 5. HP: 46/52 MP: 7/7
  2494 | D:4      | Noticed an ogre
  2596 | D:4      | Killed an ogre
  2596 | D:4      | Reached skill level 3 in Charms
  2596 | D:4      | Reached XP level 6. HP: 60/61 MP: 8/8
  2744 | D:4      | Reached XP level 7. HP: 20/67 MP: 8/10
  2875 | D:4      | Reached skill level 4 in Charms
  3337 | D:4      | Found a white marble altar of Elyvilon.
  3398 | D:5      | Entered Level 5 of the Dungeon
  3405 | D:5      | Found a sparkling altar of Nemelex Xobeh.
  3517 | D:5      | Reached XP level 8. HP: 69/75 MP: 11/13
  4094 | D:5      | Became a worshipper of Nemelex Xobeh the Trickster
  4329 | D:6      | Reached skill level 5 in Charms
  4709 | D:6      | Received a gift from Nemelex Xobeh
  4957 | D:6      | Reached skill level 5 in Spellcasting
  5104 | D:6      | Noticed Grinder
  5106 | D:6      | Paralysed by Grinder for 2 turns
  5110 | D:6      | Killed Grinder
  5110 | D:6      | Reached XP level 9. HP: 83/83 MP: 15/15
  5118 | D:6      | Learned a level 3 spell: Regeneration
  5131 | D:6      | Found a staircase to the Ecumenical Temple.
  5236 | D:6      | Reached skill level 6 in Charms
  5801 | D:7      | Noticed a two-headed ogre
  5805 | D:7      | Killed a two-headed ogre
  5884 | D:7      | Reached skill level 7 in Charms
  5937 | D:7      | Found a burning altar of Makhleb.
  6285 | D:7      | Reached * piety under Nemelex Xobeh
  6868 | D:8      | Reached XP level 10. HP: 71/92 MP: 15/18
  7192 | D:8      | Learned a level 1 spell: Corona
  7195 | D:8      | Learned a level 2 spell: Ensorcelled Hibernation
  7199 | D:8      | Learned a level 3 spell: Tukima's Dance
  7223 | D:8      | Received a gift from Nemelex Xobeh
  7234 | D:8      | Found Seghocru's Assorted Antiques.
  7257 | D:8      | Bought a faintly glowing copper ring for 100 gold pieces
  7257 | D:8      | Bought a silver wand for 80 gold pieces
  7257 | D:8      | Bought a bubbling coppery potion for 18 gold pieces
  7257 | D:8      | Bought a moonstone ring for 100 gold pieces
  7257 | D:8      | Bought a runed brass ring for 100 gold pieces
  7257 | D:8      | Bought a scroll labeled ANEPUTH SIFO for 20 gold pieces
  7261 | D:8      | Identified the ring of Polytheism {+Fly MR+ Int-2 Stlth+}
                  | (You bought it in a shop on level 8 of the Dungeon)
  7766 | D:8      | Found an iron altar of Okawaru.
  7767 | D:8      | Found a basalt altar of Yredelemnul.
  7809 | D:8      | Found a shimmering blue altar of Sif Muna.
  7809 | D:8      | Found a blossoming altar of Fedhas.
  7816 | D:8      | Found a shadowy altar of Dithmenos.
  7816 | D:8      | Found a snail-covered altar of Cheibriados.
  7816 | D:8      | Found a shimmering altar of Xom.
  7816 | D:8      | Found a glowing silver altar of Zin.
  8489 | D:9      | Reached ** piety under Nemelex Xobeh
  8562 | D:9      | Received a gift from Nemelex Xobeh
  8937 | D:10     | Entered Level 10 of the Dungeon
  8984 | D:10     | Noticed Maurice
  9014 | D:10     | Killed Maurice
  9084 | D:10     | Reached skill level 5 in Fighting
  9116 | D:10     | Noticed an elephant
  9143 | D:10     | Killed an elephant
  9143 | D:10     | Reached skill level 5 in Unarmed Combat
  9218 | D:10     | Found a staircase to the Lair.
  9293 | D:10     | Noticed Fannar
  9425 | D:9      | Killed Fannar
  9425 | D:9      | Reached skill level 8 in Charms
  9590 | D:10     | Reached XP level 11. HP: 69/105 MP: 17/19
 10156 | D:11     | Noticed a two-headed ogre
 10166 | D:11     | Killed a two-headed ogre
 10742 | D:11     | Reached skill level 1 in Hexes
 10924 | D:11     | Reached *** piety under Nemelex Xobeh
 11146 | D:12     | Noticed Frances
 11177 | D:12     | Noticed a death knight
 11456 | Lair:1   | Entered Level 1 of the Lair of Beasts
 11477 | Lair:1   | Noticed a six-headed hydra
 11793 | Lair:1   | Mangled by a 14-headed hydra

Levels and vault maps discovered:
D:1:      sevenhm_arrival_forest_fort_large_4, layout_basic, minmay_liquid_box
D:2:      layout_loops_corners
D:3:      layout_loops_ring, serial_rivers, chequers_serial_rivers_micro_d,
          chequers_serial_rivers_micro_c, chequers_serial_rivers_micro_a,
          chequers_serial_rivers_small_a, chequers_serial_rivers_micro_d,
          chequers_serial_rivers_room_a, uniq_terence
D:4:      layout_rooms, nicolae_overflow_crystal_walls, first_ration,
          feat_on_display
D:5:      layout_basic, kennysheep_mini
D:6:      layout_rooms, minmay_temple_entry_butterflies, uniq_grinder
D:7:      layout_basic, bloody_makhleb, the_bakery
D:8:      layout_loops_ring, grunt_temple_overflow_open, serial_shops,
          nicolae_shop_waterfront, dk_noncrumbling_3, item_on_display_a
D:9:      layout_gridville
D:10:     lemuel_slime, layout_loops_ring, david_lair_generic,
          lemuel_flame_loot_1, uniq_maurice, uniq_fannar
D:11:     layout_gridville
D:12:     layout_cave_pools, erik_orc_3, uniq_frances, uniq_sonja
Lair:1:   layout_roguey, ebering_ghost_rock_garden, grunt_megastairs_4

Skill      XL: |  1  2  3  4  5  6  7  8  9 10 11 |
---------------+----------------------------------+-----
Fighting       | 2 3 5 6 |  6.5
Spellcasting   | 2 3 4 5 6 |  6.2
Charms         | 3 4 5 7 8 |  8.5
Unarmed Combat | 5 7 |  7.0
Hexes          | 1 |  1.6
Dodging        | |  1.9

Action                   |  1- 3 |  4- 6 |  7- 9 | 10-12 || total
-------------------------+-------+-------+-------+-------++-------
Melee: Unarmed           |   138 |   150 |   444 |   620 ||  1352
       Punch             |     1 |       |     5 |     7 ||    13
Throw: Javelin           |     7 |       |       |       ||     7
       Boomerang         |       |       |       |    18 ||    18
 Cast: Infusion          |     2 |       |       |       ||     2
       Song of Slaying   |     1 |     2 |    11 |    19 ||    33
       Shroud of Golubri |       |     6 |     9 |    19 ||    34
       Regeneration      |       |       |     1 |     4 ||     5
Evoke: Wand              |       |       |    12 |    24 ||    36
  Use: Potion            |       |       |     4 |     3 ||     7
       Scroll            |       |       |     3 |    13 ||    16
 Stab: Sleeping          |       |       |     1 |       ||     1
       Paralysed         |       |       |       |    23 ||    23
  Eat: Chunk             |    22 |     7 |    39 |    44 ||   112
       Ration            |       |       |       |     2 ||     2
Armor: Robe              |    55 |    63 |   107 |   197 ||   422
Dodge: Dodged            |    83 |    97 |   198 |   223 ||   601
Block: Other             |       |    57 |   108 |   148 ||   313
       Reflection        |       |       |     2 |     2 ||     4

Table legend:
 A = Non-vault XP
 B = Vault XP
 C = Vault XP percentage of total XP
 D = Non-vault monster count
 E = Vault monster count
 F = Vault count percentage of total count
                 A         B        C        D         E       F
            +---------+---------+-------+---------+---------+-------
      Total |   12287 |    3845 |  23.8 |     270 |      30 |  10.0
            +---------+---------+-------+---------+---------+-------
        D:1 |      38 |       0 |   0.0 |      22 |       0 |   0.0
        D:2 |      53 |       0 |   0.0 |      22 |       0 |   0.0
        D:3 |     231 |      32 |  12.2 |      24 |       1 |   4.0
        D:4 |     945 |       0 |   0.0 |      27 |       0 |   0.0
        D:5 |     374 |       0 |   0.0 |      14 |       0 |   0.0
        D:6 |    1090 |     281 |  20.5 |      27 |       1 |   3.6
        D:7 |    2194 |     220 |   9.1 |      35 |       1 |   2.8
        D:8 |    2191 |       0 |   0.0 |      49 |       0 |   0.0
        D:9 |     754 |    1012 |  57.3 |      15 |       1 |   6.2
       D:10 |     373 |    1799 |  82.8 |       8 |      24 |  75.0
       D:11 |    2992 |       0 |   0.0 |      24 |       0 |   0.0
       D:12 |     510 |       0 |   0.0 |       1 |       0 |   0.0
     Lair:1 |     542 |     501 |  48.0 |       2 |       2 |  50.0
            +---------+---------+-------+---------+---------+-------
